 Seeded DCSS version 0.27.1-34-g3ba077fa99 (webtiles) character file.

Game seed: 8840528127268114696 (custom seed)

51 voltaire321 the Digger (level 3, -1/23 HPs)
             Began as an Octopode Earth Elementalist on Jan 19, 2022.
             Slain by an orc (4 damage)
             ... on level 3 of the Dungeon.
             The game lasted 00:04:02 (1717 turns).

voltaire321 the Digger (OpEE)                       Turns: 1717, Time: 00:04:03

Health: -1/23      AC:  1    Str:  7    XL:     3   Next: 83%
Magic:  5/6        EV: 13    Int: 24    God:
Gold:   109        SH:  0    Dex: 12    Spells: 6/7 levels left

rFire    . . .     SeeInvis +   e - +0 short sword
rCold    . . .     Faith    .   (no shield)
rNeg     + . .     Spirit   .   (helmet restricted)
rPois    +         Reflect  .   (no amulet)
rElec    .         Harm     .   c - +6 ring of intelligence
rCorr    .         Rampage  .   d - ring of positive energy
Will     .....                  h - ring of see invisible
Stlth    ++++......             l - ring of poison resistance
HPRegen  0.07/turn              (no ring)
MPRegen  0.10/turn              (no ring)
                                (no ring)
                                (no ring)

@: no status effects
A: almost no armour, amphibious, 8 rings, camouflage 1, gelatinous body 1,
nimble swimmer 1, tentacles
a: no special abilities


You were on level 3 of the Dungeon.
You visited 1 branch of the dungeon, and saw 3 of its levels.

You collected 109 gold pieces.

Inventory:

Hand Weapons
 e - a +0 short sword (weapon)
Missiles
 b - 16 stones
Jewellery
 c - a +6 ring of intelligence (left tentacle)
 d - a ring of positive energy (right tentacle)
 h - a ring of see invisible (on tentacle)
 l - a ring of poison resistance (on tentacle)
Scrolls
 a - 3 scrolls of acquirement {unknown}
 g - 4 scrolls of identify {unknown}
 i - a scroll of holy word {unknown}
 k - a scroll of magic mapping {unknown}
Potions
 f - 3 potions of curing {unknown}
 j - 2 potions of might {unknown}


   Skills:
 + Level 1.4 Fighting
 + Level 2.6 Dodging
 - Level 2.6 Stealth
 + Level 2.5 Spellcasting
 - Level 1.0 Transmutations
 + Level 3.4 Earth Magic


You had 6 spell levels left.
You knew the following spells:

 Your Spells              Type           Power      Damage    Failure   Level
a - Sandblast             Erth           38%        2d10      2%          1

Your spell library contained the following spells:

 Spells                   Type           Power      Damage    Failure   Level
 Passwall                 Tmut/Erth      10%        N/A       7%          2
 Stone Arrow              Conj/Erth      22%        3d8       17%         3
 Call Canine Familiar     Summ           3%         N/A       34%         3
 Portal Projectile        Hex/Tloc       6%         N/A       34%         3
 Petrify                  Tmut/Erth      13%        N/A       41%         4
 Leda's Liquefaction      Hex/Erth       5%         N/A       50%         4


Dungeon Overview and Level Annotations

Branches:
Dungeon (3/15)

Altars:


Innate Abilities, Weirdness & Mutations

You cannot wear most types of armour.
You are amphibious.
You can wear up to eight rings at the same time.
Your skin changes colour to match your surroundings (Stealth+).
Your rubbery body absorbs attacks. (AC +1, EV +1)
You are camouflaged near water. (Stealth+)
You have tentacles for arms and can constrict up to eight enemies at once.


Message History

The orc misses you.
You hit the orc. Your grab misses the orc.
The orc is severely wounded.
The orc shouts!
The orc hits you with a +0 whip.
An orc priest comes into view. It is wielding a +0 short sword.
The orc closely misses you.
Casting: Sandblast (safe; 2% risk of failure)
Confirm with . or Enter, or press ? or * to list all spells.
Aiming: Sandblast (safe; 2% risk of failure)
Press: ? - help, Shift-Dir - straight line, f - orc
Aim: an orc, wielding a +0 whip and wearing a +0 scale mail (severely wounded, 82% to hit)
The blast of sand hits the orc.
The orc is almost dead.
The orc priest shouts!
An endoplasm comes into view.
The orc priest calls upon Beogh to heal the orc.
The orc is healed somewhat.
The orc priest calls upon Beogh to heal the orc.
The orc's wounds heal themselves!
The orc priest begins to cast a cantrip, but forgets the words!
Casting: Sandblast (safe; 2% risk of failure)
Confirm with . or Enter, or press ? or * to list all spells.
Aiming: Sandblast (safe; 2% risk of failure)
Press: ? - help, Shift-Dir - straight line, f - orc
Aim: an orc, wielding a +0 whip (79% to hit)
The blast of sand hits the orc!
You kill the orc!
The orc hits you with a +0 whip.
The kobold shouts!
You hit the orc. Your grab misses the orc.
The orc is heavily wounded.
The orc hits you but does no damage. The orc hits you with a +0 whip.
You barely miss the orc. Your grab misses the orc. Your squeeze misses the orc.
The orc is heavily wounded.
The orc priest invokes the aid of Beogh against you.
Beogh smites you!
* * * LOW HITPOINT WARNING * * *
The orc hits you with a +0 whip.
You die...

... ...###
....###############
#...##..≈...≈.....#
####≈≈.≈.....≈≈....#
#≈≈≈≈≈≈≈≈≈≈≈≈..≈≈≈≈≈ #
###@≈≈≈≈≈≈≈≈≈≈≈≈≈≈≈≈ ...##
####o≈≈.≈≈.........#
###...##oo....≈....≈.....#.
.....o.....oK#..≈..≈≈......
..######.....####.......)..
#.........#........#.
#.......#.#######..#.
#.......# # #..##.
#.......# #.##..


You could see an orc priest, an orc and a kobold.

Vanquished Creatures
  An adder (D:2)
  A worm (D:2)
  A dart slug (D:1)
  2 orcs (D:3)
  5 bats
  An endoplasm (D:1)
  4 goblins
  2 hobgoblins (D:1)
  5 kobolds
  A quokka (D:2)
  7 ball pythons
  A frilled lizard (D:2)
  3 rats
34 creatures vanquished.

Notes
Turn   | Place    | Note
-------+----------+-------------------------------------------
     0 | D:1      | voltaire321 the Octopode Earth Elementalist began the quest
                  | for the Orb.
     0 | D:1      | Reached XP level 1. HP: 11/11 MP: 3/3
   135 | D:1      | Reached XP level 2. HP: 15/18 MP: 3/5
   586 | D:1      | Reached skill level 1 in Fighting
   741 | D:2      | Reached XP level 3. HP: 23/23 MP: 6/6
  1207 | D:2      | Found a faded altar of an unknown god.
  1717 | D:3      | Slain by an orc

Illustrated notes

Levels and vault maps discovered:
D:1:      minmay_arrival_semitransparent, layout_basic
D:2:      layout_rooms, chequers_ecumenical_altar_simple_redux,
          minmay_liquid_box
D:3:      layout_rooms, chequers_serial_rivers_small_3, guppyfry_early_lair_pool

Skill      XL: |  1  2 |
---------------+-------+-----
Fighting       | 1 |  1.4
Dodging        | |  2.6
Stealth        | |  2.6
Spellcasting   | |  2.5
Transmutations | |  1.0
Earth Magic    | |  3.4

Action                   || total
-------------------------++-------
Melee: Short sword       ||    45
       Constrict         ||     5
       Tentacles         ||     1
 Cast: Sandblast         ||    19
 Stab: Sleeping          ||    13
Armor: Skin              ||     6
Dodge: Dodged            ||    23
